NPBL
ILLINOIS JETHAWKS @ IDAHO SPUDS
04/26/2098
 
TOP OF THE 1ST
Illinois Jethawks batting - Pitching for Idaho Spuds : LHP Millard Lynch
Pitching: LHP Millard Lynch
Batting: LHB Tim Clark 0-0: Foul Ball, location: 2F
0-1: Ball
1-1: Fly out, F7 (Line Drive, 7LS, EV 90.6 MPH)
Batting: RHB Juan Méndez 0-0: Foul Ball, location: 7LSF
0-1: Swinging Strike
0-2: Foul Ball, location: 3F
0-2: Foul Ball, location: 2F
0-2: Foul Ball, location: 9LSF
0-2: Ball
1-2: Ball
2-2: Foul Ball, location: 2F
2-2: Ball
3-2: Foul Ball, location: 7LMF
3-2: Foul Ball, location: 2F
3-2: SINGLE (Groundball, 4MD, EV 94.4 MPH)
Batting: RHB Luis López 0-0: Called Strike
0-1: Foul Ball, location: 2F
0-2: Ball
1-2: Ball
2-2: Ball
3-2: Ground out 6-3 (Groundball, 6, EV 87.5 MPH)
Juan Méndez to second
Batting: RHB Ercole Mancina 0-0: Ball
1-0: Ball
2-0: Ball
3-0: Called Strike
3-1: Fly out, F8 (Line Drive, 8LD, EV 90.6 MPH)
Top of the 1st over - 0 runs, 1 hit, 0 errors, 1 left on base; Illinois 0 - Idaho 0
BOTTOM OF THE 1ST
Idaho Spuds batting - Pitching for Illinois Jethawks : RHP Fernando Gómez
Pitching: RHP Fernando Gómez
Batting: RHB Richard Lenz 0-0: Called Strike
0-1: Ball
1-1: Foul Ball, location: 5SF
1-2: Foul Ball, location: 2F
1-2: Foul Ball, location: 5FF
1-2: Ball
2-2: Foul Ball, location: 2RF
2-2: Ball
3-2: Strikes out swinging
Batting: RHB Jim McGowan 0-0: Called Strike
0-1: Ball
1-1: Ball
2-1: Swinging Strike
2-2: Fly out, F8 (Flyball, 8RD, EV 95.6 MPH)
Batting: LHB Scott Roberts 0-0: Ball
1-0: Foul Ball, location: 2F
1-1: Swinging Strike
1-2: Ball
2-2: Strikes out swinging
Bottom of the 1st over - 0 runs, 0 hits, 0 errors, 0 left on base; Illinois 0 - Idaho 0
TOP OF THE 2ND
Illinois Jethawks batting - Pitching for Idaho Spuds : LHP Millard Lynch
Batting: LHB Kade Murphy 0-0: Called Strike
0-1: Ball
1-1: Called Strike
1-2: Ball
2-2: Strikes out swinging
Batting: RHB Alberto Borromeo 0-0: Called Strike
0-1: Ball
1-1: Ball
2-1: Foul Ball, location: 9LDF
2-2: Strikes out swinging
Batting: RHB Rob Drake 0-0: SOLO HOME RUN (Flyball, 7LD, EV 96.9 MPH), Distance : 359 ft
Batting: LHB Giustiniano Belmon 0-0: Ball
1-0: Ball
2-0: Ball
3-0: Base on Balls
Batting: RHB Fernando Gómez 0-0: Ball
1-0: Ball
2-0: Ball
3-0: Called Strike
3-1: Ground out 4-3 (Groundball, 34, EV 110.0 MPH)
Top of the 2nd over - 1 run, 1 hit, 0 errors, 1 left on base; Illinois 1 - Idaho 0
BOTTOM OF THE 2ND
Idaho Spuds batting - Pitching for Illinois Jethawks : RHP Fernando Gómez
Batting: SHB Ramón Gonzáles 0-0: Ball
1-0: Called Strike
1-1: SINGLE (Line Drive, 8RS, EV 108.8 MPH)
Batting: LHB Mike Poe 0-0: Ball
1-0: Called Strike
1-1: Fielders Choice at 2nd, 1-6 (Groundball, 13S, EV 67.5 MPH)
Batting: RHB Orlando Hernández 0-0: Ball
1-0: Ball
2-0: Ground out 5-3 (Groundball, 5D, EV 102.5 MPH)
Mike Poe to second
Batting: LHB Cai-fei Tze 0-0: Called Strike
0-1: Ball
1-1: Ball
2-1: Ground out 6-3 (Groundball, 6M, EV 102.5 MPH)
Bottom of the 2nd over - 0 runs, 1 hit, 0 errors, 1 left on base; Illinois 1 - Idaho 0
TOP OF THE 3RD
Illinois Jethawks batting - Pitching for Idaho Spuds : LHP Millard Lynch
Batting: LHB Tim Clark 0-0: Called Strike
0-1: Ball
1-1: Swinging Strike
1-2: Foul Ball, location: 7LDF
1-2: Foul Ball, location: 7LMFF
1-2: Ground out U3 (Groundball, 3, EV 80.6 MPH)
Batting: RHB Juan Méndez 0-0: Ball
1-0: Foul Ball, location: 5F
1-1: Ball
2-1: Fly out, F9 (Flyball, 9LSF, EV 89.4 MPH)
Batting: RHB Luis López 0-0: Fly out, F5 (Popup, 56S, EV 70.6 MPH)
Top of the 3rd over - 0 runs, 0 hits, 0 errors, 0 left on base; Illinois 1 - Idaho 0
BOTTOM OF THE 3RD
Idaho Spuds batting - Pitching for Illinois Jethawks : RHP Fernando Gómez
Batting: RHB Jeffery McCray 0-0: Called Strike
0-1: Called Strike
0-2: Ball
1-2: Strikes out swinging
Batting: LHB Millard Lynch 0-0: Ball
1-0: Ground out 1-3 (Groundball, 13S, EV 68.1 MPH)
Batting: RHB Richard Lenz 0-0: Ball
1-0: Ground out 6-3 (Groundball, 6, EV 85.0 MPH)
Bottom of the 3rd over - 0 runs, 0 hits, 0 errors, 0 left on base; Illinois 1 - Idaho 0
TOP OF THE 4TH
Illinois Jethawks batting - Pitching for Idaho Spuds : LHP Millard Lynch
Batting: RHB Ercole Mancina 0-0: Ball
1-0: Swinging Strike
1-1: Fly out, F8 (Line Drive, 89M, EV 93.8 MPH)
Batting: LHB Kade Murphy 0-0: Ball
1-0: Ball
2-0: Ball
3-0: Called Strike
3-1: Foul Ball, location: 7LDF
3-2: DOUBLE (Flyball, 7D, EV 103.1 MPH)
Batting: RHB Alberto Borromeo 0-0: Ball
1-0: Ball
2-0: DOUBLE (Line Drive, 7LD, EV 102.5 MPH)
Kade Murphy scores
Batting: RHB Rob Drake 0-0: Ball
1-0: Ball
2-0: Ball
3-0: Base on Balls
Batting: LHB Giustiniano Belmon 0-0: Ball
1-0: Ball
2-0: Swinging Strike
2-1: Called Strike
2-2: Strikes out looking
Batting: RHB Fernando Gómez 0-0: Ball
1-0: SINGLE (Groundball, 4MD, EV 94.4 MPH)
Alberto Borromeo to third
Rob Drake to second
Batting: LHB Tim Clark 0-0: Called Strike
0-1: Foul Ball, location: 2F
0-2: Ball
1-2: Ball
2-2: Strikes out swinging
Top of the 4th over - 1 run, 3 hits, 0 errors, 3 left on base; Illinois 2 - Idaho 0
BOTTOM OF THE 4TH
Idaho Spuds batting - Pitching for Illinois Jethawks : RHP Fernando Gómez
Batting: RHB Jim McGowan 0-0: Swinging Strike
0-1: Ball
1-1: Hit by Pitch
Batting: LHB Scott Roberts 0-0: Called Strike
0-1: Ball
1-1: Swinging Strike
1-2: Ball
2-2: Strikes out swinging
Batting: SHB Ramón Gonzáles 0-0: Called Strike
0-1: Fly out, F9 (Flyball, 9D, EV 103.1 MPH)
Batting: LHB Mike Poe 0-0: Foul Ball, location: 5F
0-1: Ball
1-1: Ball
2-1: Foul Ball, location: 2F
2-2: Ball
3-2: Foul Ball, location: 7LSF
3-2: Base on Balls
Jim McGowan to second
Batting: RHB Orlando Hernández 0-0: Called Strike
0-1: Swinging Strike
0-2: Foul Ball, location: 2F
0-2: Ball
1-2: Strikes out swinging
Bottom of the 4th over - 0 runs, 0 hits, 0 errors, 2 left on base; Illinois 2 - Idaho 0
TOP OF THE 5TH
Illinois Jethawks batting - Pitching for Idaho Spuds : LHP Millard Lynch
Batting: RHB Juan Méndez 0-0: Ball
1-0: Ball
2-0: Ball
3-0: Called Strike
3-1: Fly out, F5 (Line Drive, 5L, EV 65.6 MPH)
Batting: RHB Luis López 0-0: Ball
1-0: Ball
2-0: Foul Ball, location: 5DF
2-1: Ball
3-1: Base on Balls
Batting: RHB Ercole Mancina 0-0: Ball
Pickoff Throw to First - Error! E1
Luis López to second
1-0: Called Strike
1-1: Foul Ball, location: 9LDF
1-2: Ball
2-2: SINGLE (Groundball, 56D, EV 105.0 MPH)
Luis López to third
Runner from 3rd tries for Home, SAFE, throw by LF to home
Batting: LHB Kade Murphy 0-0: Ball
1-0: Called Strike
1-1: Ball
2-1: Swinging Strike
2-2: Grounds into double play, 4-6-3 (Groundball, 4, EV 82.5 MPH)
Top of the 5th over - 1 run, 1 hit, 1 error, 0 left on base; Illinois 3 - Idaho 0
BOTTOM OF THE 5TH
Idaho Spuds batting - Pitching for Illinois Jethawks : RHP Fernando Gómez
Batting: LHB Cai-fei Tze 0-0: Called Strike
0-1: Ball
1-1: Ball
2-1: Swinging Strike
2-2: Strikes out swinging
Batting: RHB Jeffery McCray 0-0: Called Strike
0-1: SINGLE (Groundball, 6MD, EV 105.6 MPH)
Batting: LHB Millard Lynch 0-0: Bunted foul
0-1: Sac Bunt to 2L - play at first, batter OUT! 2-4
Jeffery McCray to second
Batting: RHB Richard Lenz 0-0: Ball
1-0: Called Strike
1-1: Foul Ball, location: 2F
1-2: Strikes out looking
Bottom of the 5th over - 0 runs, 1 hit, 0 errors, 1 left on base; Illinois 3 - Idaho 0
TOP OF THE 6TH
Illinois Jethawks batting - Pitching for Idaho Spuds : LHP Millard Lynch
Pitching: RHP Alejandro Soto
Batting: RHB Alberto Borromeo 0-0: Swinging Strike
0-1: Ball
1-1: Called Strike
1-2: Ball
2-2: Fly out, F8 (Line Drive, 8LM, EV 103.8 MPH)
Batting: RHB Rob Drake 0-0: Ball
1-0: Ball
2-0: Called Strike
2-1: SOLO HOME RUN (Flyball, 9LD, EV 94.4 MPH), Distance : 340 ft
Batting: LHB Giustiniano Belmon 0-0: Called Strike
0-1: Foul Ball, location: 3F
0-2: Ball
1-2: Fly out, F8 (Flyball, 8LM, EV 96.3 MPH)
Batting: RHB Fernando Gómez 0-0: Ball
1-0: Ball
2-0: SINGLE (Groundball, 4S, EV 72.5 MPH) (infield hit)
Batting: LHB Tim Clark 0-0: Called Strike
0-1: Ball
1-1: DOUBLE (Line Drive, 78M, EV 89.4 MPH)
Fernando Gómez to third
Batting: RHB Juan Méndez 0-0: SINGLE (Line Drive, 6MD, EV 99.4 MPH)
Fernando Gómez scores
Tim Clark to third
Runner from 3rd tries for Home, throw by CF and OUT! 8-2
Top of the 6th over - 2 runs, 4 hits, 0 errors, 1 left on base; Illinois 5 - Idaho 0
BOTTOM OF THE 6TH
Idaho Spuds batting - Pitching for Illinois Jethawks : RHP Fernando Gómez
Batting: RHB Jim McGowan 0-0: Foul Ball, location: 5F
0-1: Ball
1-1: Fly out, F7 (Flyball, 7LS, EV 88.8 MPH)
Batting: LHB Scott Roberts 0-0: Foul Ball, location: 2F
0-1: Foul Ball, location: 2F
0-2: Ball
1-2: Strikes out swinging, 2-3 out at first.
Batting: SHB Ramón Gonzáles 0-0: Ball
1-0: Fly out, F9 (Flyball, 89S, EV 89.4 MPH)
Bottom of the 6th over - 0 runs, 0 hits, 0 errors, 0 left on base; Illinois 5 - Idaho 0
TOP OF THE 7TH
Illinois Jethawks batting - Pitching for Idaho Spuds : RHP Alejandro Soto
Batting: RHB Luis López 0-0: Ball
1-0: Ground out 4-3 (Groundball, 4, EV 80.6 MPH)
Batting: RHB Ercole Mancina 0-0: Ball
1-0: SOLO HOME RUN (Flyball, 7D, EV 94.4 MPH), Distance : 377 ft
Batting: LHB Kade Murphy 0-0: Ball
1-0: Ball
2-0: Called Strike
2-1: Ground out 5-3 (Groundball, 5L, EV 102.5 MPH)
Batting: RHB Alberto Borromeo 0-0: Foul Ball, location: 5F
0-1: Ball
1-1: DOUBLE (Line Drive, 9LS, EV 98.1 MPH)
Batting: RHB Rob Drake 0-0: Foul Ball, location: 5FF
0-1: Ball
1-1: Ball
2-1: Fly out, F9 (Flyball, 9S, EV 99.4 MPH)
Top of the 7th over - 1 run, 2 hits, 0 errors, 1 left on base; Illinois 6 - Idaho 0
BOTTOM OF THE 7TH
Idaho Spuds batting - Pitching for Illinois Jethawks : RHP Fernando Gómez
Batting: LHB Mike Poe 0-0: Foul Ball, location: 7LMF
0-1: Ball
1-1: Ground out 6-3 (Groundball, 4, EV 84.4 MPH)
Batting: RHB Orlando Hernández 0-0: Swinging Strike
0-1: Ball
1-1: Called Strike
1-2: Strikes out looking
Batting: LHB Cai-fei Tze 0-0: Ball
1-0: Ball
2-0: Called Strike
2-1: Fly out, F5 (Line Drive, 5L, EV 68.8 MPH)
Bottom of the 7th over - 0 runs, 0 hits, 0 errors, 0 left on base; Illinois 6 - Idaho 0
TOP OF THE 8TH
Illinois Jethawks batting - Pitching for Idaho Spuds : RHP Alejandro Soto
Batting: LHB Giustiniano Belmon 0-0: Called Strike
0-1: Ground out U3 (Groundball, 13, EV 88.8 MPH)
Batting: RHB Fernando Gómez 0-0: Fly out, F9 (Flyball, 9LD, EV 78.8 MPH)
Batting: LHB Tim Clark 0-0: Ball
1-0: Foul Ball, location: 7LMF
1-1: Ball
2-1: Foul Ball, location: 2F
2-2: Ground out U3 (Groundball, 3L, EV 83.1 MPH)
Top of the 8th over - 0 runs, 0 hits, 0 errors, 0 left on base; Illinois 6 - Idaho 0
BOTTOM OF THE 8TH
Idaho Spuds batting - Pitching for Illinois Jethawks : RHP Fernando Gómez
Batting: RHB Jeffery McCray 0-0: Foul Ball, location: 2F
0-1: Foul Ball, location: 9LMF
0-2: Ball
1-2: Strikes out swinging
Pinch Hitting: RHB Armando Velásquez 0-0: Called Strike
0-1: Ball
1-1: Called Strike
1-2: Fly out, F7 (Flyball, 7S, EV 86.3 MPH)
Batting: RHB Richard Lenz 0-0: SINGLE (Line Drive, 56, EV 96.3 MPH)
Batting: RHB Jim McGowan 0-0: Foul Ball, location: 9LDF
0-1: Ground out 4-3 (Groundball, 4, EV 85.6 MPH)
Bottom of the 8th over - 0 runs, 1 hit, 0 errors, 1 left on base; Illinois 6 - Idaho 0
TOP OF THE 9TH
Illinois Jethawks batting - Pitching for Idaho Spuds : RHP Alejandro Soto
Pitching: LHP Juan Toro
Batting: RHB Juan Méndez 0-0: Called Strike
0-1: Fly out, F9 (Flyball, 9D, EV 110.6 MPH)
Batting: RHB Luis López 0-0: Ball
1-0: Swinging Strike
1-1: Ball
2-1: Ball
3-1: Foul Ball, location: 9LMF
3-2: Reached on error, E5 (Groundball, 56S, EV 66.3 MPH)
Batting: RHB Ercole Mancina 0-0: Called Strike
Luis López steals 2nd base (no throw)
0-1: Ball
1-1: Ball
2-1: Foul Ball, location: 3DF
2-2: Strikes out swinging
Batting: LHB Kade Murphy 0-0: Called Strike
0-1: Ball
1-1: Ball
2-1: Ball
3-1: Fly out, F7 (Flyball, 78M, EV 90.0 MPH)
Top of the 9th over - 0 runs, 0 hits, 1 error, 1 left on base; Illinois 6 - Idaho 0
BOTTOM OF THE 9TH
Idaho Spuds batting - Pitching for Illinois Jethawks : RHP Fernando Gómez
Now at 1B: Alberto Borromeo
Now in RF: Jan Dooks
Batting: LHB Scott Roberts 0-0: Called Strike
0-1: Ball
1-1: Ball
2-1: Ball
3-1: Base on Balls
Pitching: LHP Anthony Taylor
Batting: SHB Ramón Gonzáles 0-0: Called Strike
0-1: Foul Ball, location: 9LMF
0-2: Foul Ball, location: 25FF
0-2: Strikes out swinging
Pinch Hitting: RHB Christian Pugh 0-0: SINGLE (Flyball, 4D, EV 92.5 MPH)
Scott Roberts to second
Batting: RHB Orlando Hernández 0-0: Ball
1-0: Foul Ball, location: 25FF
1-1: Foul Ball, location: 5F
1-2: Ball
2-2: SINGLE (Groundball, 6MD, EV 98.1 MPH) (infield hit)
Scott Roberts to third
Christian Pugh to second
Batting: LHB Cai-fei Tze 0-0: Ball
1-0: Called Strike
1-1: Foul Ball, location: 2F
1-2: Fly out, F7 (Flyball, 7D, EV 86.9 MPH)
Runner from 3rd tags up, SCORES, no throw by LF
Batting: RHB Jeffery McCray 0-0: Fly out, F9 (Flyball, 9, EV 86.3 MPH)
Bottom of the 9th over - 1 run, 2 hits, 0 errors, 2 left on base; Illinois 6 - Idaho 1
Saturday, May 11th , 2024 - OOTP Baseball 24.6 Build 69